 Dungeon Crawl Stone Soup version 0.25.0-26-g0c896c7088 (webtiles) character file.

Game seed: 3255207164664646372

43162 AvylaarBelgium the Thaumaturge (level 13, -1/74 HPs)
             Began as a Deep Elf Ice Elementalist on July 5, 2020.
             Was a High Priest of Vehumet.
             Slain by a shock serpent (14 damage)
             ... on level 1 of the Snake Pit on July 6, 2020.
             The game lasted 01:42:16 (22195 turns).

AvylaarBelgium the Thaumaturge (DEIE)              Turns: 22195, Time: 01:42:20

Health: -1/74      AC:  6    Str:  5    XL:     13   Next: 89%
Magic:  15/33      EV: 17    Int: 26    God:    Vehumet [*****.]
Gold:   1124       SH:  0    Dex: 15    Spells: 8/40 levels left

rFire    . . .     SeeInvis +   w - +2 flail (holy)
rCold    . . .     Gourm    .   (no shield)
rNeg     . . .     Faith    .   E - +1 robe {MR+}
rPois    .         Spirit   .   T - +2 hat {SInv}
rElec    .         Reflect  .   (no cloak)
rCorr    .         Harm     .   t - +0 pair of gloves
MR       +++..                  (no boots)
Stlth    ++........             (no amulet)
HPRegen  0.22/turn              v - +4 ring of slaying
MPRegen  0.23/turn              W - ring of protection from magic

@: very slightly contaminated
A: no striking features
a: Renounce Religion


You were on level 1 of the Snake Pit.
You worshipped Vehumet.
Vehumet was extremely pleased with you.
You were very hungry.

You visited 4 branches of the dungeon, and saw 18 of its levels.
You also visited: Sewer.

You collected 1124 gold pieces.

Inventory:

Hand Weapons
 h - a +0 hunting sling
 u - a +0 short sword of holy wrath
 w - a +2 flail of holy wrath (weapon)
 G - a +0 mace of protection
 I - a +2 dagger of distortion
 X - a +0 shortbow of flaming
Missiles
 o - 6 curare-tipped darts
 p - 3 throwing nets (quivered)
 A - 5 boomerangs
 K - 3 silver javelins
 N - 75 poisoned darts
 Y - 21 arrows
Armour
 t - a +0 pair of gloves (worn)
 E - a +1 robe of magic resistance (worn)
 J - +0 steam dragon scales
 T - a +2 hat of see invisible (worn)
Jewellery
 v - a +4 ring of slaying (left hand)
 L - a +6 ring of strength
 R - a cursed ring of teleportation
 W - a ring of protection from magic (right hand)
Wands
 H - a wand of flame (51)
 O - a wand of enslavement (9)
 Q - a wand of clouds (3)
 U - a wand of paralysis (8)
 Z - a wand of polymorph (2)
Scrolls
 b - a scroll of blinking
 d - 2 scrolls of identify
 e - 3 scrolls of enchant armour
 i - 10 scrolls of remove curse
 j - 4 scrolls of noise {unknown}
 k - a scroll of enchant weapon
 m - 2 scrolls of random uselessness
 q - 4 scrolls of amnesia
 r - 5 scrolls of fog
 y - 7 scrolls of teleportation {unknown}
 B - 3 scrolls of magic mapping
 D - 4 scrolls of immolation
 P - a scroll of holy word
 V - a scroll of vulnerability
Potions
 a - a potion of degeneration
 f - 4 potions of heal wounds
 g - 2 potions of brilliance
 l - a potion of stabbing
 n - 3 potions of mutation
 s - 6 potions of flight
 x - 5 potions of curing
 z - 3 potions of haste
 C - 2 potions of ambrosia
 F - 2 potions of invisibility
 M - a potion of might
 S - a potion of magic
Comestibles
 c - 20 rations


   Skills:
 + Level 5.7 Fighting
 - Level 8.1 Dodging
 - Level 2.4 Stealth
 - Level 14.0 Spellcasting
 + Level 9.6 Conjurations
 - Level 7.7 Summonings
 - Level 3.7 Translocations
 + Level 2.2 Transmutations
 + Level 11.5 Fire Magic
 + Level 13.2 Ice Magic


You had 8 spell levels left.
You knew the following spells:

 Your Spells              Type           Power        Failure   Level  Hunger
a - Freeze                Ice            ####         0%          1    None
b - Frozen Ramparts       Ice            ######       1%          3    None
c - Ozocubu's Armour      Chrm/Ice       ######..     1%          3    None
d - Summon Ice Beast      Ice/Summ       ######..     1%          4    None
e - Fireball              Conj/Fire      ######....   1%          5    ##.....
f - Blink                 Tloc           N/A          1%          2    None
g - Ignite Poison         Fire/Tmut/Pois #####...     1%          3    None
h - Sticky Flame          Conj/Fire      ######..     1%          4    None
i - Hailstorm             Conj/Ice       ######..     1%          4    None
j - Mephitic Cloud        Conj/Pois/Air  ####....     1%          3    None

Your spell library contained the following spells:

 Spells                   Type           Power        Failure   Level  Hunger
 Irradiate                Conj/Tmut      #####.....   2%          5    ##.....
 Magic Dart               Conj           ####         1%          1    None
 Call Imp                 Summ           ######..     1%          2    None
 Searing Ray              Conj           ######       1%          2    None
 Conjure Flame            Conj/Fire      ######..     1%          3    None
 Dazzling Flash           Conj/Hex       #####.       1%          3    None
 Fulminant Prism          Conj/Hex       #####.....   1%          4    None
 Iskenderun's Mystic Bla  Conj/Tloc      ######..     1%          4    None
 Slow                     Hex            ###.....     4%          2    None


Dungeon Overview and Level Annotations

Branches:
Dungeon (10/15)            Temple (0/1) D:6            Lair (6/6) D:9
 Shoals (1/4) Lair:3        Snake (1/4) Lair:3        Slime (0/5) Lair:5
  Sewer (visited)
    Orc: D:9-12

Altars:
Ashenzari
Cheibriados
Elyvilon
Fedhas
Hepliaklqana
Makhleb
Okawaru
Qazlal
Trog
Vehumet
Xom
Yredelemnul
Jiyva

Shops:
Snake:1 }

Annotations:
D:6 2 runed translucent doors, barott's ghost, novice GrFi
D:7 exclusion: Harold
Lair:3 2 transporters, Irhican's ghost, journeyman MiBe
Lair:4 3 runed translucent doors, Exodus22XD's ghost, journeyman DsGl


Message History

The bolt of electricity hits your ice beast!!
Your ice beast dies!
The bolt of electricity hits you!!!
Ouch! That really hurt!
Casting: Summon Ice Beast (safe; 1% risk of failure)
Confirm with . or Enter, or press ? or * to list all spells.
Okay, then.
Casting: Summon Ice Beast (safe; 1% risk of failure)
Confirm with . or Enter, or press ? or * to list all spells.
Aiming: Fireball (dangerous; 1% risk of failure)
Press: ? - help, Shift-Dir - straight line, f/p - shock serpent
Aim: a shock serpent (moderately wounded)
The fireball explodes!
The fireball engulfs the shock serpent!!
The shock serpent is severely wounded.
The shock serpent's electric aura discharges, shocking you!
The shock serpent bites you!
* * * LOW HITPOINT WARNING * * *
The shock serpent shocks you!
You die...

##########################
#.........................
#..........∩......^.......
#.........................
#..................>......
#.........................
#........@................
#.......S..............)..
######....................
#..##....##..........
........##....##....(....)
........##....##..........
........# ....##..........
........# ....##..........
##......# ....##..........


You could see a shock serpent.

Vanquished Creatures
  Harold (D:7)
  2 hydras
  A merfolk avatar (Shoals:1)
  3 anacondas (Snake:1)
  2 shock serpents (Snake:1)
  3 naga ritualists (Snake:1)
  A wolf spider (Lair:6)
  A salamander (Snake:1)
  A mana viper (Lair:3)
  An elephant (Lair:3)
  A manticore (Lair:3)
  A guardian serpent (Lair:6)
  4 naga magi (Snake:1)
  8 black mambas
  7 spiny frogs
  Maggie (D:6)
  2 rime drakes
  A hornet (Lair:6)
  A polar bear (Lair:2)
  Grinder (D:6)
  4 hippogriffs
  4 blink frogs
  4 dream sheep
  2 redbacks (Lair:6)
  2 spriggans (Lair:1)
  9 yaks
  5 wyverns (Lair:6)
  3 basilisks
  A hungry ghost (D:7)
  7 water moccasins
  5 nagas
  8 porcupines
  3 orc warriors
  A sky beast (D:5)
  2 black bears
  6 centaurs
  5 ogres
  3 necrophages (D:9)
  4 wolves
  9 crocodiles
  A big kobold (D:7)
  7 bullfrogs
  2 killer bees (D:7)
  A scorpion (D:4)
  A howler monkey (D:8)
  An electric eel (Lair:3)
  4 crimson imps
  2 bullfrog zombies
  A jelly (D:6)
  2 centaur zombies
  4 orc priests
  A hound (D:7)
  8 hell rats (Lair:1)
  3 iguanas
  4 orc wizards
  A worker ant (D:4)
  A hound skeleton (D:4)
  A howler monkey skeleton (D:7)
  9 gnolls
  10 river rats (Lair:1)
  7 adders
  2 shadow imps
  An ooze (D:1)
  3 adder zombies
  3 adder skeletons (D:4)
  3 worms
  A dart slug (D:1)
  5 leopard geckos
  23 orcs
  5 ball pythons
  12 bats
  8 giant cockroaches
  5 hobgoblins
  12 jackals
  8 quokkas
  11 frilled lizards
  8 goblins
  15 kobolds
  A leopard gecko skeleton (D:4)
  A leopard gecko zombie (D:9)
  19 rats
  2 bushes (D:9)
  A fungus (Lair:6)
  5 plants
355 creatures vanquished.

Vanquished Creatures (collateral kills)
  Gastronok (Lair:3)
  A hydra (Lair:1)
  A two-headed ogre (D:9)
  Sonja (Lair:4)
  A fire crab (Lair:6)
  A naga ritualist (Snake:1)
  2 mana vipers (Snake:1)
  6 black mambas
  A salamander (Snake:1)
  3 naga magi (Snake:1)
  5 elephants
  A torpor snail (Lair:3)
  9 spiny frogs
  2 rime drakes
  A komodo dragon (Lair:3)
  2 hornets (Lair:6)
  13 blink frogs
  3 dream sheep (Lair:6)
  4 hippogriffs
  3 spriggans (Lair:1)
  11 yaks
  6 wyverns
  A redback (Lair:6)
  A hungry ghost (D:8)
  7 nagas
  12 water moccasins
  3 porcupines
  2 orc warriors (D:9)
  A sky beast (D:10)
  A necrophage (D:9)
  2 phantoms (D:9)
  5 wolves
  2 ogres
  10 crocodiles
  A wyvern zombie (D:9)
  2 bullfrogs
  2 killer bees (D:7)
  A howler monkey (D:9)
  A bullfrog zombie (D:9)
  2 hounds
  A hell rat (Lair:1)
  2 worker ants
  5 river rats (Lair:1)
  An adder (D:9)
  An adder zombie (D:9)
  A leopard gecko (D:9)
  2 jackals (D:9)
  2 quokkas (Lair:1)
  A kobold (D:10)
  A rat (Lair:1)
  A fungus (Lair:6)
  2 plants
154 creatures vanquished.

Vanquished Creatures (others)
  A big kobold (D:10)
  6 fungi
  23 plants
30 creatures vanquished.

Grand Total: 539 creatures vanquished

Notes
Turn   | Place    | Note
-------+----------+-------------------------------------------
     0 | D:1      | AvylaarBelgium the Deep Elf Ice Elementalist began the
                  | quest for the Orb.
     0 | D:1      | Reached XP level 1. HP: 10/10 MP: 6/6
   116 | D:1      | Reached XP level 2. HP: 11/15 MP: 0/8
   444 | D:1      | Reached skill level 4 in Spellcasting
   444 | D:1      | Reached skill level 5 in Ice Magic
   444 | D:1      | Reached XP level 3. HP: 13/19 MP: 6/10
  1550 | D:2      | Learned a level 3 spell: Frozen Ramparts
  1885 | D:2      | Reached XP level 4. HP: 24/24 MP: 7/12
  2086 | D:3      | Reached skill level 5 in Spellcasting
  2208 | D:3      | Reached XP level 5. HP: 28/28 MP: 10/14
  2284 | D:3      | Reached skill level 6 in Spellcasting
  2645 | D:3      | Found a glowing drain.
  2662 | D:3      | Reached XP level 6. HP: 30/32 MP: 9/17
  2670 | Sewer    | Entered a sewer
  3425 | D:3      | Found a faded altar of an unknown god.
  3511 | D:4      | Reached skill level 7 in Spellcasting
  3787 | D:4      | Found a snail-covered altar of Cheibriados.
  3868 | D:4      | Reached XP level 7. HP: 36/36 MP: 16/20
  4080 | D:4      | Reached skill level 8 in Spellcasting
  4216 | D:4      | Found a bloodstained altar of Trog.
  4468 | D:5      | Entered Level 5 of the Dungeon
  4732 | D:5      | Found a burning altar of Makhleb.
  4821 | D:5      | Found a white marble altar of Elyvilon.
  4924 | D:5      | Found an iron altar of Okawaru.
  4934 | D:5      | Reached skill level 9 in Spellcasting
  4934 | D:5      | Reached XP level 8. HP: 26/41 MP: 19/23
  5204 | D:5      | Found a hazy altar of Hepliaklqana.
  5205 | D:5      | Found a shimmering altar of Xom.
  5206 | D:5      | Noticed a spectral ugly thing
  5289 | D:5      | Found a basalt altar of Yredelemnul.
  5651 | D:6      | Found a radiant altar of Vehumet.
  5663 | D:6      | Became a worshipper of Vehumet
  5785 | D:6      | Reached skill level 10 in Spellcasting
  5806 | D:6      | Learned a level 3 spell: Ozocubu's Armour
  5855 | D:6      | Found a large runed translucent door.
  5856 | D:6      | Found a large runed translucent door.
  5857 | D:6      | Noticed barott's ghost (novice GrFi)
  5860 | D:6      | Found a staircase to the Ecumenical Temple.
  5966 | D:6      | Noticed Grinder
  6040 | D:6      | Learned a level 4 spell: Hailstorm
  6045 | D:6      | Learned a level 4 spell: Summon Ice Beast
  6048 | D:6      | Learned a level 2 spell: Blink
  6252 | D:6      | Noticed Maggie
  6267 | D:6      | Killed Maggie
  6267 | D:6      | Reached skill level 5 in Dodging
  6267 | D:6      | Reached skill level 10 in Ice Magic
  6267 | D:6      | Reached XP level 9. HP: 20/45 MP: 6/25
  6555 | D:6      | Found a white marble altar of Elyvilon.
  6804 | D:6      | Killed Grinder
  6929 | D:7      | Reached skill level 1 in Summonings
  7006 | D:7      | Found a shattered altar of Ashenzari.
  7057 | D:7      | Reached skill level 1 in Fighting
  7069 | D:7      | Reached * piety under Vehumet
  7069 | D:7      | Offered knowledge of Shock by Vehumet.
  7638 | D:7      | Noticed Harold
  7662 | D:7      | Killed Harold
  8372 | D:8      | Found a hazy altar of Hepliaklqana.
  8575 | D:8      | Reached XP level 10. HP: 28/56 MP: 21/26
  8647 | D:9      | Found a staircase to the Lair.
  8675 | D:9      | Offered knowledge of Searing Ray by Vehumet.
  8680 | D:9      | Reached ** piety under Vehumet
  8729 | D:9      | Noticed a two-headed ogre
  8755 | D:9      | Killed a two-headed ogre
  8755 | D:9      | Reached skill level 5 in Summonings
  9024 | D:9      | HP: 2/56 [adder zombie (1)]
  9568 | D:9      | Reached skill level 1 in Conjurations
  9681 | D:9      | Found a blossoming altar of Fedhas.
  9793 | D:9      | Found a stormy altar of Qazlal.
 10468 | D:10     | Entered Level 10 of the Dungeon
 10563 | Lair:1   | Entered Level 1 of the Lair of Beasts
 10563 | Lair:1   | Noticed a spiny frog
 10572 | Lair:1   | Killed a spiny frog
 10572 | Lair:1   | Reached skill level 11 in Spellcasting
 10622 | Lair:1   | Noticed a spiny frog
 10634 | Lair:1   | Killed a spiny frog
 10634 | Lair:1   | Reached XP level 11. HP: 57/61 MP: 16/28
 10642 | Lair:1   | Offered knowledge of Ignite Poison by Vehumet.
 10648 | Lair:1   | Learned a level 3 spell: Ignite Poison
 10865 | Lair:1   | Reached *** piety under Vehumet
 10936 | Lair:1   | Offered knowledge of Sticky Flame by Vehumet.
 10942 | Lair:1   | Learned a level 4 spell: Sticky Flame
 11125 | Lair:1   | Reached **** piety under Vehumet
 11152 | Lair:1   | Noticed an eight-headed hydra
 11162 | Lair:1   | Killed an eight-headed hydra
 11162 | Lair:1   | Offered knowledge of Fireball by Vehumet.
 11162 | Lair:1   | Reached skill level 1 in Fire Magic
 11608 | Lair:1   | Reached skill level 5 in Conjurations
 11707 | Lair:1   | You fall into a shaft and drop 1 floor!
 12446 | Lair:2   | Learned a level 5 spell: Fireball
 12879 | Lair:2   | Noticed an eight-headed hydra
 12896 | Lair:2   | Killed an eight-headed hydra
 12896 | Lair:2   | Reached skill level 12 in Spellcasting
 13482 | Lair:3   | Reached skill level 5 in Fire Magic
 13758 | Lair:3   | Found a transporter.
 13762 | Lair:3   | Found a transporter.
 13762 | Lair:3   | Noticed Irhican's ghost (journeyman MiBe)
 14002 | Lair:3   | Reached XP level 12. HP: 57/66 MP: 12/30
 14062 | Lair:3   | Noticed Gastronok
 14072 | Lair:3   | Killed Gastronok
 14220 | Lair:3   | Found a staircase to the Shoals.
 14453 | Lair:3   | Got a wizard robe
 14464 | Lair:3   | Identified the +0 robe "Juesysmevol" {rC+ Dex+4} (You found
                  | it on level 3 of the Lair of Beasts)
 14593 | Lair:3   | Found a staircase to the Snake Pit.
 14945 | Shoals:1 | Entered Level 1 of the Shoals
 14945 | Shoals:1 | Noticed a merfolk avatar
 14950 | Shoals:1 | Killed a merfolk avatar
 15032 | Snake:1  | Entered Level 1 of the Snake Pit
 15061 | Snake:1  | Noticed an anaconda
 15439 | Lair:4   | Noticed Sonja
 15473 | Lair:4   | Reached ***** piety under Vehumet
 15475 | Lair:4   | Killed Sonja
 15609 | Lair:4   | Offered knowledge of Freezing Cloud by Vehumet.
 15984 | Lair:4   | Found a shimmering altar of Xom.
 16166 | Lair:4   | Found a runed translucent gate.
 16167 | Lair:4   | Found a runed translucent gate.
 16167 | Lair:4   | Found a runed translucent gate.
 16169 | Lair:4   | Noticed Exodus22XD's ghost (journeyman DsGl)
 16309 | Lair:5   | Noticed a six-headed hydra
 16315 | Lair:5   | Killed a six-headed hydra
 16315 | Lair:5   | Reached skill level 13 in Spellcasting
 17229 | Lair:5   | Found a viscous altar of Jiyva.
 17229 | Lair:5   | Found a staircase to the Slime Pits.
 17280 | Lair:6   | Entered Level 6 of the Lair of Beasts
 17896 | Lair:6   | Reached XP level 13. HP: 57/70 MP: 21/32
 18074 | Lair:6   | Reached skill level 10 in Fire Magic
 18075 | Lair:6   | Reached skill level 1 in Translocations
 18318 | Lair:6   | Offered knowledge of Irradiate by Vehumet.
 19122 | Lair:6   | Reached skill level 5 in Fighting
 21080 | Snake:1  | Reached skill level 14 in Spellcasting
 21089 | Snake:1  | Learned a level 3 spell: Mephitic Cloud
 21285 | Snake:1  | Reached skill level 1 in Transmutations
 22085 | Snake:1  | Found Gealak's Gadget Shoppe.
 22195 | Snake:1  | Slain by a shock serpent

Illustrated notes

Levels and vault maps discovered:
D:1:      mushboom_english_gardens, layout_basic
D:2:      layout_basic, chequers_serial_rivers_small_3
D:3:      layout_loops_ring, chequers_ecumenical_altar_simple,
          gup_sewer_entry_glass
D:4:      layout_loops_ring, cheibriados_altar_1, lemuel_doored_altar,
          chequers_serial_rivers_micro_e, minivault_26, minmay_box_of_dots
D:5:      layout_gridville, okawaru_gym_becter, kennysheep_mini,
          regret_index_temple_of_mockery, overflow_temple_1_default,
          first_ration, elyvilon_altar_3
D:6:      layout_basic, old_standard_altar, minmay_temple_entry_proselytizer,
          basic_altar, ebering_ghost_disaster_area, hangedman_decor_lopped,
          uniq_grinder, uniq_maggie
D:7:      layout_basic, nicolae_overflow_hidden_temple, uniq_harold
D:8:      layout_basic, amethyst_overflow_temple_binary, basic_altar
D:9:      layout_long_grid, lemuel_round_altar, fedhas_altar_decomposition,
          minmay_lair_entry_grove
D:10:     layout_gridville
Lair:1:   lemuel_ratsnest, layout_loops_ring, portal_ice_cave_rime, wad_woods_01
Lair:2:   layout_roguey, grunt_megastairs_2, infiniplex_staircase_pool
Lair:3:   layout_chaotic_city, minmay_shoals_entry_beasts,
          minmay_snake_entry_guardpost_large, gammafunk_ghost_hive,
          serial_bayou_shore_a, uniq_gastronok
Lair:4:   layout_cave_pods, basic_altar, gammafunk_ghost_necromancy,
          chequers_serial_rivers_small_a, uniq_sonja
Lair:5:   layout_roguey, dpeg_slime_entry_enclosed_altar, grunt_megastairs_4
Lair:6:   hangedman_lair_tendril_chambers, layout_loops_ring
Shoals:1: gammafunk_its_a_trap, layout_shoals, serial_shops,
          nicolae_shop_behind_doors, nicolae_shoals_flooded_hall
Snake:1:  layout_grid_maze, serial_shops, shop

Skill      XL: |  1  2  3  4  5  6  7  8  9 10 11 12 13 |
---------------+----------------------------------------+-----
Spellcasting   | 4 5 6 7 9 10 11 12 13 14 | 14.0
Ice Magic      | 5 6 7 8 10 11 12 13 | 13.2
Dodging        | 5 7 8 |  8.1
Summonings     | 4 5 7 |  7.7
Fighting       | 3 4 5 |  5.7
Conjurations   | 3 6 8 9 |  9.6
Fire Magic     | 6 9 11 | 11.5
Translocations | 3 |  3.7
Transmutations | 2 |  2.2
Stealth        | |  2.4

Action                   |  1- 3 |  4- 6 |  7- 9 | 10-12 | 13-15 || total
-------------------------+-------+-------+-------+-------+-------++-------
Melee: Unarmed           |     2 |       |       |       |       ||     2
       Club              |    10 |       |       |       |       ||    10
       Short sword       |     9 |    10 |       |       |       ||    19
       Flail             |       |    29 |    51 |    78 |    17 ||   175
       Mace              |       |       |       |    17 |       ||    17
 Cast: Freeze            |    51 |    35 |    67 |    61 |     6 ||   220
       Frozen Ramparts   |     2 |    12 |    33 |    51 |    16 ||   114
       Ozocubu's Armour  |       |       |     3 |     8 |       ||    11
       Summon Ice Beast  |       |       |    15 |   136 |    67 ||   218
       Hailstorm         |       |       |     1 |    13 |     6 ||    20
       Blink             |       |       |       |     7 |     7 ||    14
       Fireball          |       |       |       |    27 |    39 ||    66
       Sticky Flame      |       |       |       |     8 |    10 ||    18
Evoke: Wand              |       |       |       |     1 |     1 ||     2
  Use: Scroll            |       |       |     1 |    14 |     7 ||    22
       Potion            |       |       |     1 |     3 |     1 ||     5
 Stab: Sleeping          |     1 |     2 |     4 |     1 |       ||     8
       Distracted        |       |     2 |     1 |       |     1 ||     4
  Eat: Chunk             |     3 |     6 |    15 |    20 |     7 ||    51
       Ration            |       |       |       |     3 |     2 ||     5
Armor: Robe              |    14 |    20 |    20 |    34 |    11 ||    99
Dodge: Dodged            |    42 |    65 |    88 |   213 |    63 ||   471
